[Event "1000GM Spring Break Schev-A 2024"]
[Site "San Jose"]
[Date "2024.04.01"]
[Round "4.4"]
[White "Yan, Nathan"]
[Black "Arenas, David"]
[Result "1/2-1/2"]
[ECO "C97"]
[WhiteElo "2185"]
[BlackElo "2368"]
[Annotator "RC"]
[PlyCount "86"]
[EventDate "2024.03.28"]
[EventType "schev"]
[EventCountry "USA"]
[SourceTitle "playchess.com"]
[Source "ChessBase"]
[SourceQuality "1"]
[TimeControl "5400+30"]

1. e4 e5 2. Nf3 Nc6 3. Bb5 a6 4. Ba4 Nf6 5. O-O Be7 6. Re1 b5 7. Bb3 d6 8. c3 O-O 9. h3 Na5 10. Bc2 c5 11. d4 Qc7 12. Nbd2 Be6 13. Nf1 Nc4 14. d5 Bd7 15. Ng3 Rfc8 16. b3 Nb6 17. Bg5 h6 18. Be3 Bf8 19. Qd2 Kh7 20. Nh4 g6 21. f4 exf4 22. Bxf4 Bg7 23. Qf2 Re8 24. Nf3 a5 25. Bxd6 Qxd6 26. e5 Qf8 27. exf6 Bxf6 28. Ne4 Bg7 29. Rad1 Bf5 30. d6 Rac8 31. Qd2 Nd7 32. Nh4 Bxe4 33. Bxe4 b4 34. Qc2 Bxc3 35. Bxg6+ fxg6 36. Re7+ Rxe7 37. Nxg6 Bd4+ 38. Rxd4 Re1+ 39. Kh2 Rh1+ 40. Kxh1 Qf1+ 41. Kh2 cxd4 42. Qxc8 Kxg6 43. Qxd7 Qf4+ 1/2-1/2

[Event "1000GM Spring Break Schev-A 2024"]
[Site "San Jose"]
[Date "2024.04.01"]
[Round "4.5"]
[White "Alarcon Bahamondez, Roberto Ignacio"]
[Black "Tang, Dylan"]
[Result "1/2-1/2"]
[ECO "D30"]
[WhiteElo "2335"]
[BlackElo "2152"]
[Annotator "RC"]
[PlyCount "72"]
[EventDate "2024.03.28"]
[EventType "schev"]
[EventCountry "USA"]
[SourceTitle "playchess.com"]
[Source "ChessBase"]
[SourceQuality "1"]
[TimeControl "5400+30"]

1. d4 d5 2. Nf3 Nf6 3. e3 e6 4. c4 Be7 5. Bd3 dxc4 6. Bxc4 a6 7. O-O O-O 8. a3 b5 9. Bd3 c5 10. dxc5 Bxc5 11. b4 Bb6 12. Bb2 Bb7 13. Nc3 Qe7 14. Qe2 Rd8 15. Rfd1 Nbd7 16. a4 Qxb4 17. axb5 Bxf3 18. gxf3 Qh4 19. Ne4 axb5 20. Bxb5 Nxe4 21. fxe4 Nf6 22. Rxa8 Rxa8 23. Qf3 Nxe4 24. Qg2 Qg5 25. Bc6 Qxg2+ 26. Kxg2 Ra2 27. Bxe4 Rxb2 28. Rb1 Rxb1 29. Bxb1 h5 30. h3 g5 31. Bd3 Kg7 32. Be2 Kg6 33. Bc4 g4 34. hxg4 hxg4 35. Bb3 Kg5 36. Bc4 Bc7 1/2-1/2

[Event "1000GM Spring Break Schev-A 2024"]
[Site "San Jose"]
[Date "2024.04.01"]
[Round "5.1"]
[White "Rajaram, Rohan"]
[Black "Zuluaga Mancilla, Cesar"]
[Result "0-1"]
[ECO "E09"]
[WhiteElo "2198"]
[BlackElo "2217"]
[Annotator "RC"]
[PlyCount "120"]
[EventDate "2024.03.28"]
[EventType "schev"]
[EventCountry "USA"]
[SourceTitle "playchess.com"]
[Source "ChessBase"]
[SourceQuality "1"]
[TimeControl "5400+30"]

1. d4 Nf6 2. c4 e6 3. g3 d5 4. Bg2 Be7 5. Nf3 O-O 6. O-O c6 7. Qc2 b6 8. Nbd2 Bb7 9. e4 Nbd7 10. Rd1 Qc8 11. e5 Ne8 12. b3 c5 13. Ba3 Nc7 14. Rac1 Qd8 15. Bb2 Rc8 16. Nf1 cxd4 17. Nxd4 Qe8 18. Qe2 Nc5 19. Ne3 dxc4 20. Bxb7 Nxb7 21. Rxc4 Na5 22. Rc2 Bc5 23. Rdc1 Qd7 24. Qg4 Rfd8 25. Rd2 Nd5 26. Nxd5 Qxd5 27. Rcd1 Bxd4 28. Rxd4 Qa8 29. b4 Rxd4 30. Qxd4 Nc6 31. Qe4 Ne7 32. Qd3 Qd5 33. Qb1 Qb5 34. Qc2 h5 35. Qe4 Nd5 36. a3 Qa4 37. Qd3 Qc2 38. Rd2 Qxd3 39. Rxd3 Rc2 40. Bd4 a6 41. h4 Kf8 42. Kf1 Kg8 43. Kg2 Kh7 44. Kf3 Kg6 45. Ke4 Rc4 46. Rd2 b5 47. f4 Ne7 48. Kd3 Kf5 49. Ke3 Kg4 50. Bc5 Nd5+ 51. Kf2 Rc3 52. a4 Rf3+ 53. Ke2 Rxg3 54. axb5 axb5 55. Bf2 Rb3 56. Bc5 Nxf4+ 57. Kf1 Kf3 58. Rf2+ Kg3 59. Kg1 Nh3+ 60. Kh1 Rb1+ 0-1

[Event "1000GM Spring Break Schev-A 2024"]
[Site "San Jose"]
[Date "2024.04.01"]
[Round "5.2"]
[White "Garcia Guerrero, Isaac Antonio"]
[Black "Sivakumar, Shaashwath"]
[Result "0-1"]
[ECO "D23"]
[WhiteElo "2300"]
[BlackElo "2277"]
[Annotator "RC"]
[PlyCount "96"]
[EventDate "2024.03.28"]
[EventType "schev"]
[EventCountry "USA"]
[SourceTitle "playchess.com"]
[Source "ChessBase"]
[SourceQuality "1"]
[TimeControl "5400+30"]

1. d4 d5 2. Nf3 Nf6 3. c4 c6 4. Qc2 dxc4 5. Qxc4 Bg4 6. Nc3 e6 7. e3 Nbd7 8. Be2 Be7 9. O-O O-O 10. Rd1 Qb8 11. h3 Bh5 12. Bd2 b5 13. Qxc6 a6 14. Ne5 Nxe5 15. dxe5 Rc8 16. Qxc8+ Qxc8 17. exf6 Bxe2 18. Nxe2 Bxf6 19. Rac1 Qb7 20. Bc3 Bxc3 21. Rxc3 Rc8 22. Rcd3 g6 23. R1d2 Kg7 24. f3 Rc7 25. Kf2 b4 26. Nf4 Qb5 27. h4 e5 28. Nd5 Rc1 29. e4 Ra1 30. Kg3 Rxa2 31. Nc7 Qc6 32. Rd7 Rxb2 33. Rxb2 Qxd7 34. Nxa6 Qb5 35. Nxb4 f5 36. exf5 gxf5 37. Kh3 e4 38. fxe4 fxe4 39. Rb3 Qc4 40. Rb1 e3 41. Kg3 Qe2 42. Rc1 h5 43. Kh2 Qd2 44. Rc7+ Kf6 45. Rc6+ Kf5 46. Nc2 e2 47. Rc5+ Ke4 48. Rc8 Kd3 0-1

[Event "1000GM Spring Break Schev-A 2024"]
[Site "San Jose"]
[Date "2024.04.01"]
[Round "5.3"]
[White "Arenas, David"]
[Black "Liu, Patrick"]
[Result "1/2-1/2"]
[ECO "B22"]
[WhiteElo "2368"]
[BlackElo "2068"]
[Annotator "RC"]
[PlyCount "50"]
[EventDate "2024.03.28"]
[EventType "schev"]
[EventCountry "USA"]
[SourceTitle "playchess.com"]
[Source "ChessBase"]
[SourceQuality "1"]
[TimeControl "5400+30"]

1. e4 c5 2. Nf3 e6 3. c3 Nf6 4. e5 Nd5 5. d4 cxd4 6. cxd4 d6 7. a3 Bd7 8. Bd3 Bc6 9. O-O Be7 10. Re1 O-O 11. Qc2 h6 12. b4 a6 13. Nbd2 Nd7 14. Ne4 dxe5 15. dxe5 Re8 16. Bb2 Rc8 17. Qd2 b5 18. Rac1 N7b6 19. Bd4 Na4 20. Bc5 Nxc5 21. bxc5 Nf4 22. Nd6 Bg5 23. Re3 Bxf3 24. gxf3 Nxd3 25. Qxd3 Bxe3 1/2-1/2

[Event "1000GM Spring Break Schev-A 2024"]
[Site "San Jose"]
[Date "2024.04.01"]
[Round "5.4"]
[White "Yan, Nathan"]
[Black "Alarcon Bahamondez, Roberto Ignacio"]
[Result "1/2-1/2"]
[ECO "B43"]
[WhiteElo "2185"]
[BlackElo "2335"]
[Annotator "RC"]
[PlyCount "60"]
[EventDate "2024.03.28"]
[EventType "schev"]
[EventCountry "USA"]
[SourceTitle "playchess.com"]
[Source "ChessBase"]
[SourceQuality "1"]
[TimeControl "5400+30"]

1. e4 c5 2. Nf3 e6 3. d4 cxd4 4. Nxd4 a6 5. Nc3 Qc7 6. Bd3 Nf6 7. Qe2 d6 8. g4 g6 9. g5 Nh5 10. Be3 Bg7 11. O-O-O O-O 12. Qd2 Nd7 13. Be2 Ne5 14. Bxh5 gxh5 15. b3 Ng4 16. h3 Nxe3 17. Qxe3 Bd7 18. Nce2 Rfc8 19. Qd2 Bb5 20. Kb1 Bxe2 21. Nxe2 a5 22. Ng3 Ra6 23. Nxh5 Bc3 24. Nf6+ Kg7 25. Qd3 Qc5 26. e5 Qa3 27. Qxh7+ Kf8 28. Qh8+ Ke7 29. exd6+ Rxd6 30. Ng8+ Kf8 1/2-1/2

[Event "1000GM Spring Break Schev-A 2024"]
[Site "San Jose"]
[Date "2024.04.01"]
[Round "5.5"]
[White "Tang, Dylan"]
[Black "Jimenez Garcia, Emmanuel"]
[Result "0-1"]
[ECO "B55"]
[WhiteElo "2152"]
[BlackElo "2421"]
[Annotator "TA"]
[PlyCount "50"]
[EventDate "2024.03.28"]
[EventType "schev"]
[EventCountry "USA"]
[SourceTitle "playchess.com"]
[Source "ChessBase"]
[SourceQuality "1"]
[TimeControl "5400+30"]

1. e4 c5 2. Nf3 d6 3. d4 cxd4 4. Nxd4 Nf6 5. f3 e5 6. Nb3 d5 7. Bg5 d4 8. c3 Nc6 9. cxd4 {[%emt 0:00:06] The position is equal.} Bb4+ $1 10. Bd2 Nxe4 $1 11. Bxb4 Qh4+ 12. g3 Nxg3 13. hxg3 Qxh1 14. Bc5 {[%emt 0:01:14] Qd3 would now be deadly.} Bh3 15. N1d2 O-O-O 16. Qc2 {[%emt 0:00:47] Threatens to win with 0-0-0.} Bxf1 17. O-O-O Qh6 18. Rxf1 {[%emt 0:00:38] aiming for dxe5.} b6 $1 19. dxe5 bxc5 20. Qxc5 {[%emt 0:00:15] Kb1 is the strong threat.} Kb7 21. f4 {[%emt 0:14:35] [#]} (21. Kb1 $1 $11 {remains equal.} Rxd2 22. Nxd2 Qxd2 23. Qb5+ Kc7 24. Rc1) 21... Nd4 $1 $36 {[%emt 0:20:28][%mdl 2048] Black has strong initiative.} 22. Na5+ (22. Nxd4 $2 {perishes.} Rc8 $19) (22. Kb1 Nxb3) 22... Ka8 {[%emt 0:01:07] And now ...Rc8 would win.} 23. Ndc4 Qe6 {[%emt 0:09:59] Hoping for ...Qf5.} 24. b4 $2 (24. f5 $17 Qd5 25. Qxd5+ Rxd5 26. f6) 24... Rd5 $19 25. Qc7 {[%emt 0:01:42] [#]} Rxa5 $1 {[%emt 0:00:25][%mdl 512] Weighted Error Value: White=0.40/Black=0.00 (flawless) .  Loses game:     	White=1     	---        Mistake:       	White=1     	---        OK:         	White=10    	Black=11     Best:        	White=2     	Black=3      Strong:       	---       	Black=3      Brilliant:      	---       	Black=1} 0-1